 Dungeon Crawl Stone Soup version 0.23.2-40-g277498a (webtiles) character file.

Game seed: 7687702459420646999

604 Aphrodieselac the Charmwright (level 7, -2/50 HPs)
             Began as a Merfolk Skald on Oct 9, 2019.
             Was an Initiate of Okawaru.
             Slain by an orc warrior
             ... wielding a +0 long sword
              (12 damage)
             ... on level 5 of the Dungeon.
             The game lasted 00:18:03 (5705 turns).

Aphrodieselac the Charmwright (Merfolk Skald)       Turns: 5705, Time: 00:18:04

Health: -2/50      AC:  3    Str: 12    XL:     7   Next: 42%
Magic:  0/10       EV: 14    Int: 13    God:    Okawaru [......]
Gold:   308        SH:  0    Dex: 14    Spells: 2/10 levels left

rFire    . . .     SeeInvis +   a - +0 spear
rCold    . . .     Gourm    .   (no shield)
rNeg     . . .     Faith    .   l - +0 leather armour
rPois    .         Spirit   +   (no helmet)
rElec    .         Reflect  .   (no cloak)
rCorr    .         Harm     .   (no gloves)
MR       .....                  (no boots)
Stlth    +.........             w - amulet of guardian spirit
HPRegen  0.16/turn              e - ring of see invisible
MPRegen  0.12/turn              i - +2 ring of evasion

@: no status effects
A: change form in water, swift swim, stealthy swim
a: Renounce Religion


You were on level 5 of the Dungeon.
You worshipped Okawaru.
Okawaru was noncommittal.
You were very hungry.

You visited 2 branches of the dungeon, and saw 7 of its levels.

You collected 308 gold pieces.

Inventory:

Hand Weapons
 a - a +0 spear (weapon)
 b - a +0 hunting sling
 o - a +0 blowgun
Missiles
 f - 4 silver javelins (quivered)
 p - 11 poisoned needles
 u - 5 sling bullets
Armour
 l - a +0 leather armour (worn)
Jewellery
 e - a ring of see invisible (left hand)
 i - a +2 ring of evasion (right hand)
 w - an amulet of guardian spirit (around neck)
 D - an uncursed ring of stealth {unknown}
Scrolls
 c - a scroll of magic mapping {unknown}
 g - 3 scrolls of identify
 h - 2 scrolls of noise {unknown}
 j - a scroll of fear {unknown}
 n - a scroll of immolation {unknown}
 q - a scroll of random uselessness {unknown}
 r - 3 scrolls of enchant weapon {unknown}
 s - 3 scrolls of remove curse
 x - a scroll of enchant armour {unknown}
 y - 2 scrolls of teleportation {unknown}
Potions
 k - a potion of berserk rage
 m - 2 potions of haste {unknown}
 t - a potion of curing
 v - a potion of resistance {unknown}
 z - a potion of lignification {unknown}
 A - a potion of magic {unknown}
 B - 2 potions of flight {unknown}
Comestibles
 d - 10 rations


   Skills:
 - Level 2.1 Fighting
 + Level 7.0 Polearms
 - Level 0.6 Armour
 - Level 2.6 Dodging
 - Level 2.0 Spellcasting
 * Level 7.7 Charms


You had 2 spell levels left.
You knew the following spells:

 Your Spells              Type           Power        Failure   Level  Hunger
a - Infusion              Chrm           ###.         1%          1    ##.....
b - Song of Slaying       Chrm           ###.....     1%          2    ###....
c - Shroud of Golubria    Chrm/Tloc      ##........   10%         2    ###....
d - Spectral Weapon       Hex/Chrm       ##......     21%         3    ####...

Your spell library contained the following spells:

 Spells                   Type           Power        Failure   Level  Hunger
 Regeneration             Chrm/Necr      ##........   21%         3    ####...


Dungeon Overview and Level Annotations

Branches:
Dungeon (6/15)             Temple (1/1) D:4

Altars:
Ashenzari
Gozag
Kikubaaqudgha
Makhleb
Okawaru
Sif Muna
Uskayaw
Xom
The Shining One

Shops:
D:5 :


Message History

You hit the orc warrior.
The orc warrior is severely wounded.
The orc warrior misses you.
You barely miss the orc warrior.
The orc warrior is severely wounded.
You hit the orc warrior but do no damage.
The orc warrior is severely wounded.
The orc warrior misses you.
You hit the orc warrior but do no damage.
The orc warrior is severely wounded.
You hit the orc warrior but do no damage.
The orc warrior is severely wounded.
The orc warrior hits you with a +0 long sword!
* * * LOW HITPOINT WARNING * * *
Things that are here:
a +0 dagger; a +0 leather armour; an orc corpse Your magical infusion is running out.
You are no longer magically infusing your attacks.
The orc warrior hits you with a +0 long sword!
You die...

#.##.#..#.#.#..# #..# #.##.#
#.##...##.#.#..# #..# #.....
#.##...##.#.#..# #..# #...#.
#.........#....# #..# #.....
#.........#....###..###.....
#.[....................##...
#####...............#####.......
#...#.##.#.#.#.###......o....##.
#.#.(..........@..#########....#
#.#.#....#.#.#o###...........#..
#.#.#(.........##..######....#..
#.#.#><..#.#.#.##..##.....#....#
#.#.##.........##.(##...###....)
#.#.##.......#..#.###.#........#
#.#o#........#..............##..
#.#.#...#...##....#...........#.
#.#.#...#.......##.##..##.....<.


You could see an orc warrior.

Vanquished Creatures
  A phantom (D:4)
  An ogre (D:3)
  A sky beast (D:5)
  2 hounds (D:4)
  A bullfrog skeleton (D:5)
  A centaur skeleton (D:4)
  A hound zombie (D:2)
  7 adders
  2 howler monkey skeletons
  A shadow imp (D:4)
  An adder zombie (D:5)
  4 worms
  4 dart slugs
  7 orcs
  6 giant cockroaches
  8 hobgoblins
  10 jackals
  5 quokkas
  5 bats
  2 frilled lizards
  10 goblins
  11 kobolds
  A leopard gecko skeleton (D:4)
  14 rats
106 creatures vanquished.

Notes
Turn   | Place    | Note
-------+----------+-------------------------------------------
     0 | D:1      | Aphrodieselac the Merfolk Skald began the quest for the
                  | Orb.
     0 | D:1      | Reached XP level 1. HP: 16/16 MP: 3/3
   109 | D:1      | Reached XP level 2. HP: 19/22 MP: 3/5
   409 | D:1      | Reached XP level 3. HP: 27/27 MP: 3/6
   802 | D:2      | Reached XP level 4. HP: 6/33 MP: 1/7
  1055 | D:2      | Reached skill level 5 in Charms
  1389 | D:3      | Learned a level 2 spell: Song of Slaying
  1392 | D:3      | Learned a level 2 spell: Shroud of Golubria
  1758 | D:3      | Noticed an ogre
  1955 | D:3      | Reached XP level 5. HP: 29/38 MP: 3/8
  2094 | D:4      | Reached skill level 5 in Polearms
  2780 | D:4      | Found a staircase to the Ecumenical Temple.
  2802 | D:4      | Noticed a phantom
  2811 | Temple   | Entered the Ecumenical Temple
  2865 | Temple   | Became a worshipper of Warmaster Okawaru
  3120 | D:3      | Reached XP level 6. HP: 25/44 MP: 0/9
  3192 | D:3      | Learned a level 3 spell: Spectral Weapon
  3987 | D:4      | Killed a phantom
  4361 | D:5      | Entered Level 5 of the Dungeon
  4377 | D:5      | Reached XP level 7. HP: 39/50 MP: 2/10
  4883 | D:5      | Found Mauh's Book Shoppe.
  5705 | D:5      | Slain by an orc warrior

Skill      XL: |  1  2  3  4  5  6  7 |
---------------+----------------------+-----
Charms         | 4 5 6 7 |  7.7
Polearms       | 4 5 6 7 |  7.0
Fighting       | |  2.1
Armour         | |  0.6
Dodging        | |  2.6
Spellcasting   | |  2.0

Action                   |  1- 3 |  4- 6 |  7- 9 || total
-------------------------+-------+-------+-------++-------
Melee: Spear             |   125 |   238 |   101 ||   464
Throw: Javelin           |       |     3 |       ||     3
 Cast: Infusion          |     8 |    13 |     4 ||    25
       Song of Slaying   |       |     1 |       ||     1
       Shroud of Golubri |       |     1 |     1 ||     2
  Use: Scroll            |       |     2 |       ||     2
       Potion            |       |     1 |       ||     1
 Stab: Sleeping          |     1 |     2 |       ||     3
  Eat: Chunk             |       |    10 |     5 ||    15
Armor: Leather armour    |    19 |    23 |    14 ||    56
Dodge: Dodged            |    58 |    96 |    60 ||   214
